[Event "Early-Titled-Tuesday-Blitz-April-23-2024"]
[Site "Chess.com"]
[Date "2024.04.23"]
[Round "9"]
[White "Polish_fighter3000"]
[Black "Shankland"]
[Result "1-0"]
[WhiteElo "3116"]
[BlackElo "3059"]
[TimeControl "180+1"]
[EndTime "9:49:49 PDT"]
[Termination "Polish_fighter3000 won by resignation"]

1. d4 d5 2. c4 c6 3. Nf3 Nf6 4. Nc3 e6 5. e3 Nbd7 6. Be2 Be7 7. O-O O-O 8. a4 a5 9. Qc2 b6 10. b3 Bb7 11. Bb2 Qc7 12. Rac1 Rad8 13. cxd5 exd5 14. Qf5 g6 15. Nxd5 gxf5 16. Nxc7 Rc8 17. Na6 Nd5 18. Bc4 N7f6 19. Nh4 Ra8 20. Nxf5 Bxa6 21.
Bxa6 Rxa6 22. Rxc6 Re8 23. f3 Kf8 24. e4 Nb4 25. Nxe7 Kxe7 26. Ba3 Nd7 27. Rfc1 Raa8 28. Kf2 Rg8 29. g4 Rg6 30. R6c4 h5 31. h3 Rh8 32.
Bxb4+ axb4 33. Rxb4 hxg4 34. hxg4 Rh2+ 35. Kg3 Rgh6 36.
Rb5 R6h3+ 37. Kf4 Rb2 38. Rc7 Rf2 39. Rd5 Rfxf3+ 40. Kg5 Kf8 41. Rdxd7 Kg7 42. e5 Rh6 43. Rxf7+ 1-0

[Event "Early-Titled-Tuesday-Blitz-April-23-2024"]
[Site "Chess.com"]
[Date "2024.04.23"]
[Round "9"]
[White "Likvidator228"]
[Black "samidescalona2002"]
[Result "1-0"]
[WhiteElo "2520"]
[BlackElo "2706"]
[TimeControl "180+1"]
[EndTime "9:49:49 PDT"]
[Termination "Likvidator228 won on time"]

1. d4 Nf6 2. Bf4 d5 3. e3 e5 4.
Bxe5 Nc6 5. Bg3 Ne4 6. Nd2 Nxg3 7. hxg3 g6 8. Ngf3 Bg7 9. Be2 Ne7 10. O-O Nf5 11. c4 h5 12. cxd5 h4 13. g4 Ne7 14.
e4 Bxg4 15. Ne5 Bc8 16. Bb5+ Kf8 17. Qf3 f6 18. Bc4 Qd6 19. Bb3 b5 20. Rac1 Kg8 21.
Nc6 Kh7 22. e5 fxe5 23. dxe5 Qd7 24. Nxe7 Qxe7 25. d6 cxd6 26. exd6 Qxd6 27. Qxa8 Bf5 28. Qd5 Qxd5 29. Bxd5 Rd8 30. Rc5 Bf8 31. Rxb5 a6 32.
Rb7+ Kh6 33. Ne4 Rxd5 34. Rh7+ Kxh7 35. Nf6+ Kh6 36. Nxd5 Be6 37. Nc3 Bb4 38. a3 Bc5 39. Re1 Bc4 40. Re5 Bf8 41. Re4 Bb3 42. Rxh4+ Kg5 43. Rd4 Bh6 44. Rb4 Bc2 45. Rb6 Bd3 46.
b4 Bg7 47. Nd5 Bd4 48. Rb8 Bc4 49. Ne3 Be2 50. Rd8 Bb2 51. a4 Bc3 52. b5 axb5 53. axb5 Bxb5 54. Rd5+ 1-0

[Event "Early-Titled-Tuesday-Blitz-April-23-2024"]
[Site "Chess.com"]
[Date "2024.04.23"]
[Round "9"]
[White "giovannibrandao7"]
[Black "lupta_robin"]
[Result "1-0"]
[WhiteElo "2365"]
[BlackElo "2573"]
[TimeControl "180+1"]
[EndTime "9:49:50 PDT"]
[Termination "giovannibrandao7 won on time"]

1. e4 c5 2. Nf3 d6 3. d4 cxd4 4. Nxd4 Nf6 5. Nc3 a6 6. Be3 e5 7.
Nb3 Be6 8. f3 Be7 9. Qd2 h5 10.
Nd5 Nxd5 11. exd5 Bf5 12. c4 Nd7 13. Bd3 Bxd3 14. Qxd3 g6 15. O-O Qc7 16. Rac1 a5 17.
Rfd1 a4 18. Nd2 Nc5 19. Qe2 f5 20. Nb1 Bf6 21. Nc3 Kf7 22. Nb5 Qb6 23. b4 axb3 24.
axb3 Qd8 25. Bxc5 dxc5 26. d6 Qd7 27. Qd2 Qc6 28. Ra1 Rhd8 29. Rxa8 Rxa8 30. Qd5+ Qxd5 31. Rxd5 b6 32. d7 Ke7 33. Na7 Ke6 34. Nc8 Bd8 35. Rd6+ Kf7 36. Nxb6 Rb8 37. Nd5 Rxb3 38. Rc6 Rb7 39.
Rxc5 Rxd7 40. Rc8 Ke6 41. Kf2 g5 42. Rc6+ Rd6 43. Rxd6+ Kxd6 44. Ke3 Kc5 45. Kd3 g4 46. Ne3 1-0

[Event "Early-Titled-Tuesday-Blitz-April-23-2024"]
[Site "Chess.com"]
[Date "2024.04.23"]
[Round "9"]
[White "stratacticos"]
[Black "RasSanti"]
[Result "0-1"]
[WhiteElo "1863"]
[BlackElo "2284"]
[TimeControl "180+1"]
[EndTime "9:49:51 PDT"]
[Termination "RasSanti won on time"]

1. b4 d5 2. Bb2 Nf6 3. Nf3 Bg4 4. e3 e6 5. a3 a5 6. b5 c5 7. Be2 Nbd7 8. O-O Bd6 9. h3 Bh5 10. c4 O-O 11. Nc3 b6 12. d4 dxc4 13. Bxc4 cxd4 14.
Qxd4 Qc7 15. g4 Bg6 16. Be2 Rfd8 17. Rac1 Bc5 18. Qc4 Rac8 19. Na4 Qd6 20. Rfd1 Qe7 21. Nxc5 Rxc5 22. Qf4 Nd5 23. Qd4 f6 24. e4 Nf4 25.
Bf1 e5 26. Qd6 Qxd6 27. Rxd6 Rxc1 28. Bxc1 Bxe4 29. Nd2 Bb7 30. Nc4 Kf8 31. Nxb6 Ke7 32. Rxd7+ Rxd7 33. Nxd7 Kxd7 34. a4 Nd5 35. Bd2 Nb4 36.
Bxb4 axb4 37. Bc4 Kd6 38. a5 Kc5 39. a6 Ba8 40. Kf1 Kb6 41. Ke2 Be4 42. h4 h6 0-1

[Event "Early-Titled-Tuesday-Blitz-April-23-2024"]
[Site "Chess.com"]
[Date "2024.04.23"]
[Round "9"]
[White "lluiss"]
[Black "waltereador"]
[Result "1-0"]
[WhiteElo "2139"]
[BlackElo "2296"]
[TimeControl "180+1"]
[EndTime "9:49:51 PDT"]
[Termination "lluiss won by resignation"]

1. Nf3 Nf6 2. d4 d5 3. c4 c6 4.
cxd5 cxd5 5. Nc3 Nc6 6. Bf4 Bf5 7. e3 e6 8. Bd3 Bxd3 9. Qxd3 Bd6 10. Bxd6 Qxd6 11.
O-O O-O 12. h3 Rac8 13. Rfc1 a6 14. Na4 Ne4 15. Nc5 Nxc5 16. Rxc5 Ne7 17. Rac1 Rxc5 18. Rxc5 Rc8 19. Qc2 Rxc5 20. Qxc5 Qxc5 21. dxc5 Nc6 22. Nd4 e5 23. Nxc6 bxc6 24. Kf1 f5 25. Ke2 Kf7 26. f4 Ke6 27. Kd3 h6 28. g3 g5 29.
h4 exf4 30. exf4 gxh4 31. gxh4 Kf6 32. b4 Ke6 33. Kd4 Kd7 34. a4 Kc7 35. Ke5 Kd7 36.
Kxf5 h5 37. Ke5 Ke7 38. f5 Kf7 39. f6 d4 40. Kxd4 Kxf6 41. Ke4 Ke6 42. Kf4 Kd5 43.
Kg5 Kc4 44. Kxh5 Kxb4 45. Kg5 Kxc5 46. h5 Kb4 47. h6 c5 48. h7 Kxa4 49. h8=Q c4 50.
Qc3 Kb5 51. Kf4 Kc5 52. Ke4 Kb5 53. Kd4 a5 54. Qxc4+ Kb6 55. Qb3+ Kc6 56. Kc4 a4 57.
Qxa4+ 1-0

[Event "Early-Titled-Tuesday-Blitz-April-23-2024"]
[Site "Chess.com"]
[Date "2024.04.23"]
[Round "9"]
[White "GM_dmitrij"]
[Black "Iball95"]
[Result "1-0"]
[WhiteElo "3006"]
[BlackElo "2856"]
[TimeControl "180+1"]
[EndTime "9:49:53 PDT"]
[Termination "GM_dmitrij won by checkmate"]

1. e4 c5 2. Nf3 e6 3. c3 d5 4.
exd5 exd5 5. d4 Nf6 6. Bd3 Be7 7. O-O O-O 8. Re1 Nc6 9. dxc5 Bxc5 10. Nbd2 Bg4 11. Nb3 Bb6 12. h3 Bh5 13. Bg5 h6 14. Bh4 Qd6 15. g4 Nxg4 16. hxg4 Bxg4 17. Kg2 Rae8 18.
Qd2 f5 19. Bg3 f4 20. Rxe8 Rxe8 21. Bxf4 Qd7 22. Nh2 Rf8 23. Bg3 Bh3+ 24. Kh1 Ne7 25. Nd4 Rf7 26. Re1 Nc6 27. Bc2 Ne7 28. Qd3 g6 29. Nhf3 Qg4 30. Ne5 Qh5 31. Kg1 Rg7 32. Bd1 Qg5 33. Nef3 Qh5 34. Re5 Bf5 35. Qe3 Qg4 36.
Rxe7 Rxe7 37. Qxe7 h5 38. Nxf5 gxf5 39. Qg5+ Kf7 40.
Qxg4 hxg4 41. Nd4 Kf6 42. Bf4 Bc7 43. Bxc7 b5 44. Bf4 b4 45. cxb4 a5 46. b5 g3 47.
fxg3 a4 48. b6 a3 49. bxa3 Ke7 50. b7 Kd7 51. b8=Q Ke7 52. Qd6+ Kf7 53. Qe6+ Kg7 54. Nxf5+ Kh7 55. Qf7+ Kh8 56. Qg7# 1-0

[Event "Early-Titled-Tuesday-Blitz-April-23-2024"]
[Site "Chess.com"]
[Date "2024.04.23"]
[Round "9"]
[White "Raskolnikov6"]
[Black "PonyQueen07"]
[Result "1-0"]
[WhiteElo "2393"]
[BlackElo "2216"]
[TimeControl "180+1"]
[EndTime "9:49:54 PDT"]
[Termination "Raskolnikov6 won by checkmate"]

1. c4 e5 2. g3 c6 3. Nf3 e4 4. Nd4 d5 5. cxd5 cxd5 6. Bg2 Bc5 7. Nb3 Bb6 8. d3 exd3 9. Qxd3 Nf6 10. Nc3 Be6 11.
O-O O-O 12. a4 Nc6 13. a5 Bc7 14. Bg5 Ne5 15. Qd1 h6 16. Bxf6 Qxf6 17. Nxd5 Bxd5 18.
Qxd5 Rab8 19. Qc5 Bd6 20. Qxa7 Nc4 21. Qd4 Qxd4 22. Nxd4 Nxb2 23. Rfb1 Nc4 24. Rxb7 Be5 25. e3 Rxb7 26. Bxb7 Bb8 27. Nc6 Bc7 28. a6 Nb6 29. a7 Kh7 30. a8=Q Nxa8 31. Rxa8 Rxa8 32. Bxa8 Bb6 33.
Kg2 f6 34. h4 Bc7 35. Ne7 Bd6 36. Nf5 Bf8 37. h5 Kg8 38. Bd5+ Kh8 39. Nh4 Kh7 40. Ng6 Bd6 41. Kf3 Bc5 42. Ke4 Bb4 43. f4 Be1 44. g4 Bc3 45. Kf5 Bd4 46. Nf8+ Kh8 47. exd4 g5 48.
fxg5 fxg5 49. Be4 Kg7 50. d5 Kh8 51. Kg6 Kg8 52. Kxh6 Kh8 53. Kxg5 Kg8 54. d6 Kxf8 55.
Bg6 Kg8 56. d7 Kg7 57. h6+ Kf8 58. d8=Q# 1-0

[Event "Early-Titled-Tuesday-Blitz-April-23-2024"]
[Site "Chess.com"]
[Date "2024.04.23"]
[Round "9"]
[White "C_K_G"]
[Black "Ramu_K_FM_FT"]
[Result "0-1"]
[WhiteElo "2285"]
[BlackElo "2147"]
[TimeControl "180+1"]
[EndTime "9:49:55 PDT"]
[Termination "Ramu_K_FM_FT won on time"]

1. e4 c5 2. Nf3 d6 3. d4 cxd4 4. Nxd4 Nf6 5. Nc3 a6 6. Be2 e5 7. Nb3 Be7 8. Be3 Be6 9. O-O Nbd7 10. f4 Rc8 11. f5 Bc4 12. a4 O-O 13. a5 b5 14. axb6 Nxb6 15. Na5 Bxe2 16. Qxe2 d5 17. Qxa6 d4 18. Bf2 Ng4 19. Nb7 Ra8 20. Nxd8 Rxa6 21. Rxa6 Bxd8 22. Nb5 Nc4 23. b3 Nd2 24. Re1 Bg5 25. h3 Nf6 26. Nd6 h5 27. Rc6 Rd8 28. Re2 Nb1 29. Rc8 Rxc8 30. Nxc8 Nc3 31. Re1 Nfxe4 32.
g3 Kf8 33. b4 Ke8 34. Na7 Kd7 35.
b5 Kc7 36. Ra1 Kb7 37. Be1 Be3+ 38. Kg2 Nd5 39. Nc6 Nd6 40. Nxe5 Nxb5 41. Nxf7 Nbc3 42. Nd6+ Kc6 0-1

[Event "Early-Titled-Tuesday-Blitz-April-23-2024"]
[Site "Chess.com"]
[Date "2024.04.23"]
[Round "9"]
[White "esrosenberg"]
[Black "briesmas"]
[Result "1-0"]
[WhiteElo "2317"]
[BlackElo "2176"]
[TimeControl "180+1"]
[EndTime "9:49:56 PDT"]
[Termination "esrosenberg won on time"]

1. e4 c5 2. Nc3 d6 3. f4 g6 4. Nf3 Bg7 5. Bb5+ Bd7 6. a4 Nc6 7.
d3 e6 8. Bxc6 Bxc6 9. O-O Ne7 10. Qe1 d5 11. exd5 Nxd5 12. Ne5 Nxc3 13. bxc3 O-O 14. Bd2 Qd5 15. Qg3 f6 16. Nxc6 Qxc6 17. c4 Rae8 18. Bc3 Qc7 19. Rfe1 e5 20. fxe5 fxe5 21. Re4 Rf5 22. Rae1 Ref8 23. Qe3 Qf7 24. h3 Rf1+ 25. Rxf1 Qxf1+ 26. Kh2 Rf2 27. Qg3 Rxc2 28.
Bxe5 Rc1 29. Qf3 Qg1+ 30. Kg3 Rf1 31. Qe3 Qxe3+ 32. Rxe3 Bh6 33. Rf3 Rxf3+ 34. Kxf3 a6 35. Ke4 Kf7 36. Kd5 Be3 37. Bd6 b6 38. Kc6 Ke6 39. Bc7 Bd4 40. Bxb6 Bc3 41. Bxc5 Ke5 42. d4+ Ke4 43. d5 Kd3 44. d6 Kxc4 45. d7 Bf6 46. Bb6 Kb4 47. a5 Ka4 48. Kb7 Kb4 49. Kxa6 Kc4 50.
Kb7 Kd5 51. d8=Q+ Bxd8 52. Bxd8 h6 53. a6 1-0

[Event "Early-Titled-Tuesday-Blitz-April-23-2024"]
[Site "Chess.com"]
[Date "2024.04.23"]
[Round "9"]
[White "Ziyamammadov"]
[Black "martinmena"]
[Result "1-0"]
[WhiteElo "1964"]
[BlackElo "2170"]
[TimeControl "180+1"]
[EndTime "9:49:58 PDT"]
[Termination "Ziyamammadov won on time"]

1. e4 c6 2. d4 d5 3. exd5 cxd5 4. c4 f6 5. Nc3 g6 6. cxd5 Bg7 7. Bc4 a6 8. Nf3 b5 9. Bb3 Bb7 10. O-O Nd7 11. Re1 Nb6 12. Bf4 Nxd5 13. Nxd5 Bxd5 14. Bxd5 Qxd5 15. Qc2 g5 16. Bg3 Nh6 17. Rac1 Nf5 18.
Qc7 O-O 19. Qc5 Qxc5 20. dxc5 e5 21. c6 Rac8 22. Nd2 Rf7 23. Ne4 Rfc7 24. Red1 Rxc6 25.
Rxc6 Rxc6 26. f3 Nxg3 27. hxg3 Kf7 28. g4 Kg6 29. Kh2 h5 30. Kg3 hxg4 31. fxg4 f5 32. Rd6+ Rxd6 33. Nxd6 f4+ 34. Kf3 e4+ 35. Kxe4 Bxb2 36.
Nf5 Bf6 37. Nd6 b4 38. Nc4 Bd8 39. Ne5+ Kf6 40. Nc6 Be7 41. Nd4 Kg6 42. Nc6 Bc5 43. Kd5 Bf8 44. Kc4 Bg7 45. Nxb4 Kf6 46. Nd5+ Ke5 47.
Nc7 Ke4 48. Ne6 Bf6 49. Nc5+ Ke3 50. Nd7 1-0

[Event "Early-Titled-Tuesday-Blitz-April-23-2024"]
[Site "Chess.com"]
[Date "2024.04.23"]
[Round "9"]
[White "Happy1712Drummer"]
[Black "Louis-Paulsen-Fan"]
[Result "1-0"]
[WhiteElo "2502"]
[BlackElo "2345"]
[TimeControl "180+1"]
[EndTime "9:49:59 PDT"]
[Termination "Happy1712Drummer won on time"]

1. e4 Nf6 2. Nc3 e5 3. Nf3 Nc6 4. d4 Bb4 5. d5 Ne7 6. Bd3 d6 7. O-O O-O 8. Ne2 c6 9. c3 Ba5 10.
b4 Bb6 11. c4 cxd5 12. cxd5 Nexd5 13. exd5 e4 14. Ng3 exd3 15. Qxd3 Bg4 16. Bb2 Re8 17. h3 Bd7 18. a4 a6 19. Rfd1 Rc8 20. Nd4 Bxd4 21. Qxd4 Qe7 22. Kh2 Qe5 23. Qd2 Qe7 24. Re1 Qd8 25. Qg5 h6 26. Qf4 Rxe1 27. Rxe1 Be8 28.
Nf5 Rc2 29. Nxh6+ Kf8 30. Bxf6 Qxf6 31. Qxf6 gxf6 32. Nf5 Rd2 33. Nxd6 Bd7 34. Nxb7 Rxd5 35. Nc5 Bc6 36. Nxa6 Bxa4 37. Nc5 Bb5 38. Rb1 Rd2 39. Kg3 Ke7 40. Re1+ Kf8 41. Re4 Kg7 42. Rg4+ Kf8 43. Ne4 Rd3+ 44. f3 Rb3 45. Nxf6 Rb2 46. Rd4 Bf1 47.
Nd7+ Ke7 48. Ne5 1-0

[Event "Early-Titled-Tuesday-Blitz-April-23-2024"]
[Site "Chess.com"]
[Date "2024.04.23"]
[Round "9"]
[White "K_A_S_T_O_R"]
[Black "Baku_Boulevard"]
[Result "1/2-1/2"]
[WhiteElo "2873"]
[BlackElo "3037"]
[TimeControl "180+1"]
[EndTime "9:50:00 PDT"]
[Termination "Game drawn by repetition"]

1. e4 c5 2. Nf3 d6 3. d4 cxd4 4. Nxd4 Nf6 5. Nc3 g6 6. Be2 Bg7 7. O-O O-O 8. Nb3 a5 9. a4 Nc6 10. Bg5 Be6 11. Qd2 Rc8 12. Kh1 Nb4 13. Nd4 Bc4 14.
Rad1 Qb6 15. Be3 Qd8 16. Ndb5 Bxb5 17. Bxb5 Qc7 18. f3 Rfd8 19. Qf2 Nd7 20. Bxd7 Qxd7 21.
Bb6 Re8 22. Bxa5 Bxc3 23. bxc3 Nc6 24. Bb6 Ne5 25. Bd4 Qxa4 26. Rb1 Nc6 27. Rxb7 Nxd4 28. cxd4 Rxc2 29. Qe3 Qa2 30. Rg1 Re2 31. Qg5 Qd2 32. Qb5 Rf8 33. d5 Re1 34. h3 Ra8 35. Rb8+ Rxb8 36.
Qxb8+ Kg7 37. Rxe1 Qxe1+ 38. Kh2 Qc3 39. Qb7 Qe5+ 40.
Kh1 f5 41. exf5 gxf5 42. Qc6 h5 43. Qe8 h4 44. Kg1 f4 45. Kh1 Kh6 46. Qf8+ Kg6 47.
Qg8+ Kf5 48. Qg4+ Kf6 49. Qxh4+ Kg6 50. Qg4+ Kf6 51. h4 Kf7 52. h5 Qxd5 53. Qxf4+ Kg7 54.
Qg4+ Kh8 55. Qg6 Qe5 56. h6 Qe1+ 57. Kh2 Qh4+ 58. Kg1 Qe1+ 59. Kh2 Qh4+ 60. Kg1 Qe1+ 61. Kh2 1/2-1/2

[Event "Early-Titled-Tuesday-Blitz-April-23-2024"]
[Site "Chess.com"]
[Date "2024.04.23"]
[Round "9"]
[White "AsaHoffmann"]
[Black "Navyblue1"]
[Result "0-1"]
[WhiteElo "2382"]
[BlackElo "2259"]
[TimeControl "180+1"]
[EndTime "9:50:00 PDT"]
[Termination "Navyblue1 won on time"]

1. d4 Nf6 2. Bg5 Ne4 3. Bf4 c5 4. f3 Qa5+ 5. c3 Nf6 6. d5 d6 7. e4 g6 8. Qd2 Bg7 9. Na3 Qc7 10. Bh6 O-O 11. h4 a6 12. h5 Nxh5 13. Rxh5 Bxh6 14.
Rxh6 e6 15. Nh3 f6 16. dxe6 Bxe6 17. Bc4 Qf7 18. Bxe6 Qxe6 19. Nf4 Qf7 20. Qd5 Nc6 21. Nc4 Rad8 22. O-O-O Qxd5 23. Rxd5 Kg7 24. Rh1 Ne5 25. Ne6+ Kg8 26. Nxf8 Nxc4 27. Nxh7 Kg7 28. b3 Ne5 29. f4 Nf7 30. g4 Rh8 31. g5 fxg5 32. fxg5 Rxh7 33. Rxh7+ Kxh7 34. Kd2 Kg7 35. a4 b6 36. b4 Kf8 37. bxc5 bxc5 38. Kd3 Ke7 39. Kc4 Ke6 40. Kd3 Ne5+ 41. Ke3 Nc4+ 42. Kf4 Nb6 43. Rd1 Nxa4 44. Ra1 Nxc3 45. Rxa6 Ne2+ 46. Ke3 Nd4 47. Ra7 Nc6 48. Rg7 Ne5 49. Kf4 Nd3+ 50. Kg4 Ne5+ 51. Kg3 d5 52. Kf4 d4 53. Rg8 Nd3+ 54. Kf3 Ne5+ 55. Ke2 c4 0-1

[Event "Early-Titled-Tuesday-Blitz-April-23-2024"]
[Site "Chess.com"]
[Date "2024.04.23"]
[Round "9"]
[White "Nikita_Klepikov"]
[Black "DeArron_Fox"]
[Result "0-1"]
[WhiteElo "2345"]
[BlackElo "2513"]
[TimeControl "180+1"]
[EndTime "9:50:02 PDT"]
[Termination "DeArron_Fox won by resignation"]

1. e4 c5 2. Nf3 e6 3. d3 d5 4. Nbd2 Nc6 5. g3 Nf6 6. Bg2 Be7 7. O-O O-O 8. Re1 Qc7 9. c3 b5 10. e5 Nd7 11. Qe2 a5 12. Nf1 b4 13. h4 Ba6 14.
N1h2 a4 15. a3 bxc3 16. bxc3 Na5 17. Bf4 Nb3 18. Rab1 Rfb8 19. Ng4 Bf8 20. h5 h6 21.
Qe3 Kh7 22. Bf1 Na5 23. Be2 Rxb1 24. Rxb1 Rb8 25. Rxb8 Qxb8 26. Bd1 Qb1 27. Qe2 Bxd3 28. Qe1 Nb3 29. Nd2 Nxd2 30. Qxd2 Nb6 31. Ne3 d4 32. cxd4 cxd4 33. Nf1 Nc4 34. Qc1 Qxc1 35. Bxc1 Bxa3 36. Bxa3 Nxa3 37. Bxa4 Nc4 38. Be8 Nxe5 39. f4 Bxf1 40. Kxf1 Nd3 41. Bxf7 Nc5 42. Bg6+ Kg8 43. Kf2 Kf8 44.
Kf3 Ke7 45. g4 Kf6 46. Bc2 e5 47. fxe5+ Kxe5 48. Bg6 d3 49. Ke3 Kf6 50. Bxd3 Nxd3 51. Kxd3 Kg5 52. Ke3 Kxg4 53. Kf2 Kxh5 54. Kg2 Kg5 55. Kh2 h5 56. Kg1 h4 57. Kh1 Kh5 0-1

[Event "Early-Titled-Tuesday-Blitz-April-23-2024"]
[Site "Chess.com"]
[Date "2024.04.23"]
[Round "9"]
[White "hmatyi07"]
[Black "NigiriSushies"]
[Result "0-1"]
[WhiteElo "2305"]
[BlackElo "2443"]
[TimeControl "180+1"]
[EndTime "9:50:02 PDT"]
[Termination "NigiriSushies won by resignation"]

1. e4 c6 2. c4 d5 3. cxd5 cxd5 4. exd5 Nf6 5. Qa4+ Bd7 6. Qb3 Qb6 7. Nc3 Na6 8.
Bb5 Nc5 9. Bxd7+ Ncxd7 10. Qa4 Qd6 11. Nf3 Nxd5 12. O-O e6 13. Nb5 Qb6 14. Ne5 Nxe5 15. Nc7+ Kd8 16. Nxa8 Qa6 17. Qe4 Bd6 18. d4 Ng6 19. h4 Ke7 20. h5 Ngf4 21. Bxf4 Bxf4 22.
Rfe1 Qd6 23. Nc7 Nxc7 24. g3 Bg5 25. Qxb7 Bf6 26. Rac1 Kd7 27. Red1 Qb6 28. Qe4 Nd5 29. Rc5 Rc8 30. Rxc8 Kxc8 31. Rc1+ Kd7 32. Qc2 Bxd4 33. Qc8+ Ke7 34. Kg2 Bxf2 35. Kh2 Be3 36. Rf1 Qxb2+ 37.
Kh3 Qb6 38. Qc2 g6 39. hxg6 hxg6 40. Qe2 Qb8 41. Qg4 Qh8+ 42. Kg2 Qb2+ 43. Kh3 Nf6 44.
Qf3 Qe5 45. Kg2 Qd5 46. Qxd5 Nxd5 47. Rb1 f5 48. Rb7+ Kf6 49. Rxa7 Bxa7 50. Kf3 e5 51. Ke2 e4 52. Kd2 e3+ 53. Ke2 Nc3+ 54. Kf3 e2 55. g4 e1=N+ 0-1

[Event "Early-Titled-Tuesday-Blitz-April-23-2024"]
[Site "Chess.com"]
[Date "2024.04.23"]
[Round "9"]
[White "FischerKasparow"]
[Black "margarita_2703"]
[Result "0-1"]
[WhiteElo "2119"]
[BlackElo "2299"]
[TimeControl "180+1"]
[EndTime "9:50:02 PDT"]
[Termination "margarita_2703 won by checkmate"]

1. e4 e6 2. d4 d5 3. Nc3 dxe4 4. Nxe4 Nd7 5. Bd3 Ngf6 6. Nf3 Nxe4 7. Bxe4 Nf6 8. Bd3 h6 9. O-O a6 10. a4 c5 11. Be3 cxd4 12. Bxd4 Be7 13. Qe2 O-O 14. Rad1 Qa5 15. b3 Rd8 16. h3 Qh5 17. Rfe1 b5 18. axb5 axb5 19. Bxb5 Bb7 20. Bc4 Bxf3 21. Qxf3 Qxf3 22.
gxf3 Bb4 23. c3 Rxd4 24. cxd4 Bxe1 25. Rxe1 Rb8 26. Rd1 Kf8 27. Ra1 Nd7 28. Ra7 Nb6 29. Kf1 Rc8 30. Bd3 Rc3 31. Be4 Rxb3 32. Rb7 Rb2 33.
Bc6 Nc4 34. Rxb2 Nxb2 35. Ke2 Ke7 36. Kd2 Kd6 37. Bb5 Kd5 38. Kc3 Nd1+ 39. Kd2 Nxf2 40. h4 Kxd4 41. Be8 f6 42. Bf7 e5 43. Ke2 Nd3 44. Bg6 Nf4+ 45. Kf2 Nxg6 46. Kg3 Nf4 47. h5 f5 48. Kh4 Ke3 49. Kg3 e4 50. fxe4 fxe4 51.
Kh4 Nxh5 52. Kxh5 Kf2 53. Kg6 e3 54. Kxg7 e2 55. Kxh6 e1=Q 56. Kh7 Qe6 57. Kh8 Kg3 58. Kg7 Kg4 59. Kh8 Kg5 60. Kg7 Qd7+ 61. Kh8 Kg6 62.
Kg8 Qd8# 0-1

[Event "Early-Titled-Tuesday-Blitz-April-23-2024"]
[Site "Chess.com"]
[Date "2024.04.23"]
[Round "9"]
[White "SpeedofLight0"]
[Black "Rud_Makarian"]
[Result "0-1"]
[WhiteElo "3077"]
[BlackElo "3040"]
[TimeControl "180+1"]
[EndTime "9:50:03 PDT"]
[Termination "Rud_Makarian won by resignation"]

1. d4 Nf6 2. Nc3 d6 3. e4 e5 4. Nf3 Nbd7 5. Bc4 Be7 6. O-O O-O 7. Re1 c6 8. a4 exd4 9. Nxd4 Ne5 10. Bf1 Re8 11.
h3 Ng6 12. Be3 Bf8 13. a5 Nxe4 14. Nxe4 Rxe4 15. a6 d5 16. axb7 Bxb7 17. Nb3 a5 18.
Bd4 Rxe1 19. Qxe1 a4 20. Nc5 Bxc5 21. Bxc5 Ba6 22. Bxa6 Rxa6 23. b3 a3 24. Rxa3 Rxa3 25. Bxa3 Nf4 26. Qe5 Ne6 27. Bb2 h6 28. f4 Qf8 29. f5 Ng5 30. f6 g6 31. Bc1 Ne6 32.
Be3 Kh7 33. Qc3 Qd6 34. Bd2 c5 35. Qd3 Qe5 36. Qf3 h5 37. c3 d4 38. Kf1 dxc3 39.
Bxc3 Qg5 40. Qb7 Qc1+ 41. Ke2 Qc2+ 42. Kf1 Ng5 43. Be1 Qf5+ 44. Bf2 Qxf6 45. Kg1 Qa1+ 46. Kh2 Qe5+ 47. Kg1 Kg7 48. Qb6 Ne4 49. b4 Qa1+ 50.
Kh2 Nxf2 51. Qxc5 Qh1+ 52. Kg3 Ne4+ 0-1

[Event "Early-Titled-Tuesday-Blitz-April-23-2024"]
[Site "Chess.com"]
[Date "2024.04.23"]
[Round "9"]
[White "EddieMarsalla"]
[Black "Binary010"]
[Result "1-0"]
[WhiteElo "2677"]
[BlackElo "2839"]
[TimeControl "180+1"]
[EndTime "9:50:03 PDT"]
[Termination "EddieMarsalla won by resignation"]

1. d4 Nf6 2. Bf4 d5 3. e3 c5 4. Nc3 cxd4 5. exd4 a6 6. Nf3 Nc6 7. Bd3 Bg4 8. Ne2 Bxf3 9. gxf3 e6 10. c3 Bd6 11.
Qd2 O-O 12. Rg1 g6 13. h4 Nh5 14. Bg5 Qc7 15. Bh6 Rfe8 16. Qg5 Kh8 17. Ng3 Bf4 18.
Nxh5 Bxg5 19. Bxg5 e5 20. Bf6+ Kg8 21. Kf1 exd4 22.
cxd4 Re6 23. Bf5 Rxf6 24. Nxf6+ Kg7 25. Nxd5 Qd8 26. Be4 Qxh4 27. Rd1 Rd8 28. Ne3 Kh8 29.
d5 Ne5 30. d6 Rd7 31. Rd5 Qf6 32. Ke2 Rxd6 33. Rgd1 Rxd5 34. Rxd5 Nc6 35. b3 Nd4+ 36.
Kd3 Nxf3 37. Ng4 Qf4 38. Rd8+ Kg7 39. Bxf3 Qxf3+ 40. Ne3 h5 41. Rc8 Qxf2 42. Rc2 Qf3 43.
Rh2 Qg3 44. Rg2 Qd6+ 45. Ke2 Qe5 46. Kf3 f5 47. Nc4 Qe4+ 48. Kf2 h4 49. Kg1 Kf6 50. Kh2 g5 51. Nd2 Qf4+ 52. Kg1 h3 53.
Rf2 Qg3+ 54. Kf1 h2 55. Ne4+ Ke5 56. Nxg3 f4 1-0

[Event "Early-Titled-Tuesday-Blitz-April-23-2024"]
[Site "Chess.com"]
[Date "2024.04.23"]
[Round "9"]
[White "ilqar_74"]
[Black "Vse_po_kaify"]
[Result "0-1"]
[WhiteElo "2735"]
[BlackElo "2577"]
[TimeControl "180+1"]
[EndTime "9:50:03 PDT"]
[Termination "Vse_po_kaify won on time"]

1. e4 e5 2. Nf3 Nf6 3. Nxe5 d6 4. Nf3 Nxe4 5. d4 d5 6. Bd3 Bd6 7. O-O O-O 8. c4 c6 9. Qc2 Re8 10. Nc3 Nf6 11. Bg5 h6 12. Bh4 dxc4 13. Bxc4 Nbd7 14. Rfe1 Rf8 15. Ne5 Qc7 16. Nxf7 Rxf7 17. Qb3 Nb6 18. Bxf7+ Qxf7 19. Bxf6 gxf6 20. Re8+ Kg7 21.
Rae1 Qxb3 22. axb3 Bd7 23. Rxa8 Nxa8 24. Ne4 Bb4 25. Re3 Nc7 26. Nc5 Bxc5 27. dxc5 Nd5 28. Re1 Kf7 29. g3 Be6 30. f4 Nc7 31. b4 Nd5 32. Re4 Bf5 33. Rd4 Ke7 34. Kg2 Nc7 35. h3 Nb5 36. Rd2 Be6 37. g4 b6 38. Kg3 Nc7 39. Kh4 Nd5 40. Rd4 Bf7 41. g5 fxg5+ 42. fxg5 h5 43. Re4+ Kd7 44. Re1 Bg6 45. Rf1 Ke7 46. b5 cxb5 47. c6 Kd6 48. Rf8 Kxc6 49. Kg3 Kd6 50. Ra8 a5 51. Rg8 Ne7 52.
Rf8 Bf5 53. Rf6+ Kc5 54. h4 b4 55. Kf4 a4 56. Rf7 Kd6 57. Rf6+ Be6 58. g6 Nd5+ 0-1

[Event "Early-Titled-Tuesday-Blitz-April-23-2024"]
[Site "Chess.com"]
[Date "2024.04.23"]
[Round "9"]
[White "DominguezOnYoutube"]
[Black "wonderfultime"]
[Result "1/2-1/2"]
[WhiteElo "2965"]
[BlackElo "3073"]
[TimeControl "180+1"]
[EndTime "9:50:04 PDT"]
[Termination "Game drawn by repetition"]

1. e4 c5 2. Nf3 Nf6 3. e5 Nd5 4. Nc3 e6 5. Ne4 f5 6. Nc3 Ne7 7. Nb5 Ng6 8. d4 cxd4 9. Qxd4 Nc6 10. Nd6+ Bxd6 11. Qxd6 Ngxe5 12. Nxe5 Qa5+ 13. Bd2 Qxe5+ 14. Qxe5 Nxe5 15. Bc3 d6 16. f4 Ng6 17. Bxg7 Rg8 18. Bh6 Bd7 19. O-O-O Nh8 20. Bg5 Nf7 21. Bh4 Bc6 22.
Rg1 Rc8 23. Be2 Be4 24. c3 Kd7 25. g3 d5 26. Bf6 Nd6 27. h3 b5 28. g4 b4 29. Bd4 a5 30. Kd2 bxc3+ 31. bxc3 Rb8 32. Ke3 fxg4 33. hxg4 Kc6 34. Be5 Rb2 35. Rd2 Rxg4 36. Rxb2 Rxg1 37. Bxd6 Kxd6 38. Rb6+ Ke7 39. Ra6 Rg3+ 40.
Kd4 Rg2 41. Ke3 Bg6 42. Rxa5 h5 43. Ra8 Kf6 44. a4 Rg1 45. a5 Ra1 46. a6 h4 47. Rh8 Ra3 48. Kd4 Ra2 49. Bb5 Ra5 50. Be2 Ra2 51. Bb5 Ra5 52. Bf1 Ra1 53. Be2 Ra2 1/2-1/2

[Event "Early-Titled-Tuesday-Blitz-April-23-2024"]
[Site "Chess.com"]
[Date "2024.04.23"]
[Round "9"]
[White "FairChess_on_YouTube"]
[Black "Rsnr"]
[Result "0-1"]
[WhiteElo "3074"]
[BlackElo "2905"]
[TimeControl "180+1"]
[EndTime "9:50:04 PDT"]
[Termination "Rsnr won on time"]

1. c4 c6 2. Nf3 d5 3. g3 Nf6 4. Bg2 g6 5. Qa4 Bg7 6. cxd5 Nxd5 7. O-O O-O 8. d4 a5 9. Nc3 Nb6 10. Qc2 a4 11. Rd1 Na6 12. a3 Nc7 13. e4 Be6 14. Qe2 Bc4 15. Qe3 Bb3 16. Re1 Nc4 17. Qe2 Bxd4 18.
Nxd4 Qxd4 19. Bg5 Rfe8 20. Bh3 Rad8 21. Rac1 b5 22. Bg4 Ne5 23. Bf4 Ne6 24. Bxe6 Bxe6 25. Bxe5 Qxe5 26. Qe3 Bc4 27. Red1 Bb3 28. Rd2 Rxd2 29.
Qxd2 Qb8 30. Qg5 f6 31. Qc5 Qd6 32. Qxd6 exd6 33. f3 Kf7 34. Kf2 Ke7 35. h4 Rb8 36. Ne2 c5 37. Nf4 b4 38. axb4 Rxb4 39. Nd3 Rb8 40.
Ke3 Be6 41. Ra1 Rb3 42. Kd2 c4 43. Nf4 Rxb2+ 44. Kc3 Rb3+ 45. Kd4 a3 46. h5 g5 47.
Nxe6 Kxe6 48. f4 Rxg3 49. f5+ Kd7 50. Kxc4 Re3 51. Kd4 Rh3 52. h6 g4 53. Rb1 a2 54.
Rb7+ Kc6 55. Ra7 Rh2 56. Ke3 g3 0-1